 Dungeon Crawl Stone Soup version 0.30-b1-2-g02819fbbbe (webtiles) character file.

Game seed: 17725603818374396626

144 meatmek the Insei (level 5, 0/35 HPs)
             Began as an Octopode Transmuter on Nov 30, 2023.
             Slain by an iguana (11 damage)
             ... on level 3 of the Dungeon.
             The game lasted 00:11:44 (2713 turns).

meatmek the Insei (Octopode Transmuter)             Turns: 2713, Time: 00:11:45

Health: 0/35       AC:  2    Str: 10    XL:     5   Next: 26%
Magic:  8/8        EV: 19    Int: 17    God:
Gold:   62         SH:  0    Dex: 17    Spells: 4/8 levels left

rFire   . . .        i - melded +2 dagger (vamp)
rCold   . . .        (shield currently unavailable)
rNeg    . . .        (helmet currently unavailable)
rPois   x            k - amulet of magic regeneration
rElec   .            (no ring)
rCorr   .            (no ring)
SInv    .            (no ring)
Will    .....        (no ring)
Stlth   ++           (no ring)
HPRegen 0.25/turn    (no ring)
MPRegen 0.51/turn    (no ring)
                     (no ring)

%: no passive effects
@: spider-form (expiring)
A: venomous fangs, almost no armour, (amphibious), 8 rings, tiny, (camouflage
1), (gelatinous body 1), (nimble swimmer 1), (tentacles)
a: End Transformation


You were on level 3 of the Dungeon.
You were a venomous arachnid creature.
You visited 1 branch of the dungeon, and saw 3 of its levels.

You collected 140 gold pieces.
You spent 78 gold pieces at shops.

Inventory:

Hand Weapons
 d - a +0 dagger
 i - a +2 vampiric dagger (melded)
Jewellery
 k - an amulet of magic regeneration (around neck)
Scrolls
 b - 4 scrolls of identify {unknown}
 f - a scroll of torment {unknown}
 j - a scroll of teleportation
Potions
 a - a potion of lignification
 c - a potion of mutation {unknown}
 e - a potion of curing
 g - a potion of invisibility {unknown}
 h - 3 potions of might {unknown}


   Skills:
 + Level 2.3 Fighting
 - Level 2.0 Dodging
 + Level 3.7 Unarmed Combat
 - Level 2.1 Spellcasting
 * Level 3.6 Transmutations
 + Level 1.7 Poison Magic


You had 4 spell levels left.
You knew the following spells:

 Your Spells              Type           Power      Damage    Failure   Level
a - Beastly Appendage     Tmut           28%        N/A       13%         1
b - Spider Form           Tmut/Pois      10%        N/A       38%         3

Your spell library contained the following spells:

 Spells                   Type           Power      Damage    Failure   Level
 Wereblood                Tmut           14%        N/A       17%         2
 Call Canine Familiar     Summ           1%         N/A       71%         3
 Ozocubu's Armour         Ice            1%         N/A       71%         3
 Portal Projectile        Hex/Tloc       2%         N/A       71%         3
 Ice Form                 Ice/Tmut       7%         N/A       83%         4
 Leda's Liquefaction      Hex/Erth       0%         N/A       96%         4
 Metabolic Englaciation   Hex/Ice        0%         N/A       100%        5
 Simulacrum               Ice/Necr       0%         N/A       100%        6


Dungeon Overview and Level Annotations

Branches:
Dungeon (3/15)

Altars:

Shops:
D:1 !   D:2 ?

Annotations:
D:2 exclusion: 2 doors


Innate Abilities, Weirdness & Mutations

You are a venomous arachnid creature.
You have venomous fangs.
You are tiny and dextrous.
Your spellcasting is less reliable in this form.
Your armour is entirely melded.
You are incapable of wielding weapons or throwing items.
You cannot wear most types of armour.
((You are amphibious.))
You can wear up to eight rings at the same time.
((Your skin changes colour to match your surroundings (Stealth+).))
((Your rubbery body absorbs attacks. (AC +1, EV +1)))
((You are camouflaged when in or above water. (Stealth+)))
((You have tentacles for arms and can constrict up to eight enemies at once.))


Message History

The orc is almost dead.
The orc closely misses you.
You hit the orc but do no damage.
The orc is poisoned.
The orc is almost dead.
The orc hits you but does no damage.
You hit the orc.
You kill the orc!
Things that are here:
a +0 club; a +0 leather armour Your transformation has ended.
Your +2 vampiric dagger unmelds from your body.
You feel a sense of dread.
You open the door.
There is an open door here.
You open the door.
There is an open door here.
You open the door.
A goblin and an iguana come into view.
Found a stone staircase leading down.
There is an open door here.
Casting: Spider Form (quite dangerous; 19% risk of failure)
Confirm with . or Enter, or press ? or * to list all spells.
The spell is quite dangerous to miscast (19% risk of failure)!
Continue anyway?
You turn into a venomous arachnid creature.
Your +2 vampiric dagger melds into your body.
You feel the dreadful sensation subside.
There is an open door here.
Your transformation is almost over.
The helpless iguana fails to defend itself.
You hit the iguana.
The iguana is lightly wounded.
The goblin shouts!
The iguana bites you!
You hit the iguana.
The iguana is poisoned.
The iguana is heavily wounded.
The iguana bites you!
You hit the iguana but do no damage.
The iguana looks as sick as possible!
The iguana is severely wounded.
The iguana bites you!
You die...

########..
#.sl..>g.#
####'######..
#.......#
#.......#
#.......#
####'#### #.#
######'##
#.......#####


You could see an iguana (extremely poisoned) and a goblin.

Vanquished Creatures
  Terence (D:2)
  An orc wizard (D:3)
  Natasha (D:2)
  2 adders
  4 orcs (D:3)
  4 endoplasms
  A giant cockroach (D:3)
  3 goblins
  3 hobgoblins (D:2)
  6 jackals
  2 kobolds
  3 quokkas
  5 ball pythons
  3 bats
  3 frilled lizards
  6 rats
48 creatures vanquished.

Notes
Turn   | Place    | Note
-------+----------+-------------------------------------------
     0 | D:1      | meatmek the Octopode Transmuter began the quest for the
                  | Orb.
     0 | D:1      | Reached XP level 1. HP: 13/13 MP: 3/3
   363 | D:1      | Found Foisar's Distillery.
   369 | D:1      | Bought a potion of curing for 39 gold pieces
   704 | D:2      | Reached XP level 2. HP: 7/18 MP: 3/5
   873 | D:2      | Noticed Terence
  1198 | D:2      | Found Egimoes's Magic Scroll Shoppe.
  1203 | D:2      | Bought a scroll of teleportation for 39 gold pieces
  1374 | D:2      | Reached XP level 3. HP: 23/23 MP: 6/6
  1378 | D:2      | Learned a level 3 spell: Spider Form
  1508 | D:2      | Noticed Natasha
  1956 | D:3      | Noticed an ogre
  2217 | D:3      | Reached XP level 4. HP: 29/29 MP: 4/7
  2416 | D:2      | Killed Terence
  2417 | D:2      | Reached skill level 1 in Poison Magic
  2530 | D:2      | Killed Natasha
  2669 | D:3      | Reached XP level 5. HP: 33/35 MP: 8/8
  2713 | D:3      | Slain by an iguana

Illustrated notes

Levels and vault maps discovered:
D:1:      scummos_arrival_checkerplants, layout_loops_ring, serial_shops,
          nicolae_shop_industrial_runoff, hex_medium
D:2:      layout_basic, serial_shops, shop_statue, kennysheep_generic_room_8,
          uniq_natasha, uniq_terence
D:3:      layout_basic

Skill      XL: |  1  2  3  4 |
---------------+-------------+-----
Transmutations | 3 |  3.6
Fighting       | 2 |  2.3
Poison Magic   | 1 |  1.7
Dodging        | |  2.0
Unarmed Combat | |  3.7
Spellcasting   | |  2.1

Action                     |  1- 3 |  4- 6 || total
---------------------------+-------+-------++-------
  Melee: Dagger            |    51 |    10 ||    61
         Kick              |    15 |       ||    15
         Tentacles         |    10 |       ||    10
         Constrict         |    10 |     1 ||    11
         Unarmed           |    23 |    36 ||    59
         Punch             |       |     1 ||     1
   Cast: Beastly Appendage |    16 |       ||    16
         Spider Form       |     5 |     5 ||    10
   Stab: Sleeping          |     3 |     3 ||     6
 Armour: Skin              |     7 |     3 ||    10
  Dodge: Dodged            |    44 |    26 ||    70
